 Dungeon Crawl Stone Soup version 0.31-a0-700-gf13585253f (webtiles) character file.

Game seed: 7602918216566002792

98 qw the Shooter (level 4, -6/28 HPs)
             Began as a Gargoyle Hunter on Sept 7, 2023.
             Mangled by Sigmund
             ... wielding a +0 scythe
              (8 damage)
             ... on level 3 of the Dungeon.
             The game lasted 00:00:43 (1760 turns).

qw the Shooter (Gargoyle Hunter)                    Turns: 1760, Time: 00:00:44

Health: -6/28      AC: 10    Str: 15    XL:     4   Next: 71%
Magic:  4/4        EV: 11    Int:  9    God:
Gold:   197        SH:  0    Dex: 15    Spells: 3/3 levels left

rFire   . . .        Y - +0 shortbow
rCold   . . .        (shield currently unavailable)
rNeg    + . .        h - +0 ring mail
rPois   inf          (no helmet)
rElec   +            (no cloak)
rCorr   .            c - +1 pair of gloves
SInv    .            (no boots)
Will    .....        (no amulet)
Stlth   +            (no ring)
HPRegen 0.24/turn    (no ring)
MPRegen 0.09/turn

%: no passive effects
@: no status effects
A: sickness immunity, AC +3, negative energy resistance 1, electricity
resistance, torment resistance 1, petrification resistance
a: no special abilities


You were on level 3 of the Dungeon.
You visited 1 branch of the dungeon, and saw 3 of its levels.

You collected 197 gold pieces.


Innate Abilities, Weirdness & Mutations

You are immune to sickness and miasma.
Your stone body is resilient. (AC +3)
You are immune to poison.
You resist negative energy. (rN+)
You are resistant to electric shocks. (rElec)
You are resistant to unholy torment.
You are immune to petrification.


   Skills:
 - Level 3.2 Fighting
 + Level 5.3 Ranged Weapons
 - Level 1.0 Armour
 - Level 1.5 Dodging
 - Level 1.1 Stealth


You had 3 spell levels left.
You didn't know any spells.
Your spell library was empty.

Inventory:

Hand Weapons
 Y - a +0 shortbow (weapon)
Armour
 c - a +1 pair of gloves (worn)
 h - a +0 ring mail (worn)
Scrolls
 a - a scroll of torment {unknown}
 b - a scroll of identify
Potions
 d - a potion of mutation {unknown}
 e - a potion of attraction {unknown}
 f - a potion of ambrosia {unknown}
 g - a potion of haste {unknown}

Dungeon Overview and Level Annotations

Branches:
Dungeon (3/15)

Altars:

Annotations:
D:3 3 runed translucent doors, Sigmund; qw's ghost, amateur GrHu


Message History

1744 |||
Found retreat position at 2,3 (floor) with 0 blocking monsters and 1 monsters attacking at destination at distance 3 You shoot an arrow.
The arrow hits Robin but does no damage.
Enter note:
Enter note:
Enter note: You shoot an arrow.
The arrow hits Robin!
Robin is heavily wounded.
Robin hits you with a +2 dagger of electrocution.
Sigmund barely misses you.
You shoot an arrow. The arrow closely misses Robin.
Robin barely misses you. Sigmund closely misses you.
You shoot an arrow. The arrow hits Robin.
Robin is almost dead.
Robin barely misses you.
You shoot an arrow. The arrow closely misses Robin.
Robin closely misses you.
Sigmund hits you from afar with a +0 scythe.
Robin misses you.
You shoot an arrow. The arrow barely misses Robin.
Sigmund barely misses you. Robin hits you but does no damage.
You shoot an arrow. The arrow hits Robin!
You kill Robin!
Sigmund closely misses you.
You shoot an arrow. The arrow hits Sigmund.
Sigmund is moderately wounded.
Sigmund gestures at you while chanting.
You are confused.
Sigmund hits you but does no damage. Sigmund hits you but does no damage.
Sigmund casts a spell at you. The puff of flame hits you.
Sigmund closely misses you.
You feel less confused. Sigmund barely misses you.
You shoot an arrow. The arrow closely misses Sigmund.
Sigmund says, "Look into my eyes."
Sigmund hits you from afar with a +0 scythe!
You die...
Sigmund begins carving another notch in his scythe.

#.............## #.# ##.....
...##...#####..# ##.# #......
....%#..######.# ##..# #.......
...#.#.........# #..###........
.#...#.#.......#####.####.#......
................#................
..................##.####.#......
...............#..##.# #........
...............)@.#..## .......
........#......##.....## ......
........#....).).@......... ....[
.#...#........@####.##..... ....
.#.#...........####.# ......
...#...##...........# ....##
#....######.#..###... ...# ##...#
#..##.# #.## ...# #.####
#.###.....


You could see Sigmund.

Vanquished Creatures
  Ijyb (D:2)
  Robin (D:3)
  A gnoll (D:1)
  An adder (D:2)
  A dart slug (D:3)
  An orc (D:3)
  2 bats
  4 endoplasms
  3 giant cockroaches
  7 goblins
  5 hobgoblins
  A quokka (D:2)
  4 ball pythons
  A frilled lizard (D:2)
  3 kobolds
  5 rats
41 creatures vanquished.

Notes
Turn   | Place    | Note
-------+----------+-------------------------------------------
     0 | D:1      | qw the Gargoyle Hunter began the quest for the Orb.
     0 | D:1      | Reached XP level 1. HP: 12/12 MP: 1/1
     0 | D:1      | 0 ||| qw: Version: 0.3-a-76-g4403597
     0 | D:1      | 0 ||| qw: Game counter: 467
     0 | D:1      | 0 ||| qw: Melee chars always use a shield: true
     0 | D:1      | 0 ||| qw: God list: Okawaru
     0 | D:1      | 0 ||| qw: Allow faded altars: false
     0 | D:1      | 0 ||| qw: Do Orc after clearing Dungeon:15 true
     0 | D:1      | 0 ||| qw: Do second Lair branch before Depths: true
     0 | D:1      | 0 ||| qw: Lair rune preference: random
     0 | D:1      | 0 ||| qw: Goals: Normal
     0 | D:1      | 0 ||| PLANNING D:1-11
    28 | D:1      | Found a faded altar of an unknown god.
    60 | D:1      | Reached XP level 2. HP: 17/17 MP: 2/2
   537 | D:1      | 537 ||| UPGRADING to +0 ring mail.
   547 | D:1      | 547 ||| DROPPING +0 leather armour.
   548 | D:1      | 548 ||| READING scroll labelled EDOFOE GAJUR.
   549 | D:1      | 549 ||| DROPPING scroll of butterflies.
   639 | D:2      | Reached XP level 3. HP: 21/21 MP: 3/3
   830 | D:2      | Reached skill level 1 in Armour
  1214 | D:2      | Reached skill level 5 in Ranged Weapons
  1264 | D:2      | 1264 ||| UPGRADING to +1 pair of gloves.
  1269 | D:2      | 1269 ||| READING scroll labelled IRPHEA IGOU.
  1270 | D:2      | 1270 ||| READING scroll labelled ULIECIN ITIKLELI.
  1457 | D:3      | Noticed Ijyb
  1483 | D:3      | 1483 ||| FLEEEEING.
  1485 | D:3      | 1485 ||| FLEEEEING.
  1486 | D:3      | 1486 ||| FLEEEEING.
  1487 | D:3      | 1487 ||| FLEEEEING.
  1489 | D:3      | 1489 ||| FLEEEEING.
  1490 | D:3      | 1490 ||| FLEEEEING.
  1491 | D:3      | 1491 ||| FLEEEEING.
  1493 | D:3      | 1493 ||| FLEEEEING.
  1494 | D:3      | 1494 ||| FLEEEEING.
  1495 | D:3      | 1495 ||| FLEEEEING.
  1497 | D:3      | 1497 ||| FLEEEEING.
  1498 | D:3      | 1498 ||| STAIRDANCE
  1500 | D:2      | 1500 ||| FLEEEEING.
  1501 | D:2      | 1501 ||| FLEEEEING.
  1503 | D:2      | 1503 ||| FLEEEEING.
  1504 | D:2      | 1504 ||| FLEEEEING.
  1505 | D:2      | 1505 ||| FLEEEEING.
  1506 | D:2      | 1506 ||| FLEEEEING.
  1508 | D:2      | 1508 ||| FLEEEEING.
  1509 | D:2      | 1509 ||| FLEEEEING.
  1511 | D:2      | 1511 ||| FLEEEEING.
  1516 | D:2      | Killed Ijyb
  1517 | D:2      | Reached skill level 3 in Fighting
  1517 | D:2      | Reached XP level 4. HP: 28/28 MP: 4/4
  1517 | D:2      | 1517 ||| READING scroll labelled ARRILE MOTATU.
  1518 | D:2      | 1518 ||| READING 2 scrolls labelled XYNEUB OPAG.
  1544 | D:3      | Found a large runed translucent door.
  1544 | D:3      | Found a large runed translucent door.
  1646 | D:3      | Found a runed translucent door.
  1651 | D:3      | Noticed qw's ghost (amateur GrHu)
  1728 | D:3      | Noticed Robin
  1728 | D:3      | Noticed Sigmund
  1729 | D:3      | 1729 ||| Stepping ~*~*~tactically~*~*~ (retreating).
  1730 | D:3      | 1730 ||| Stepping ~*~*~tactically~*~*~ (retreating).
  1731 | D:3      | 1731 ||| RETREATING.
  1733 | D:3      | 1733 ||| Stepping ~*~*~tactically~*~*~ (retreating).
  1734 | D:3      | 1734 ||| Stepping ~*~*~tactically~*~*~ (retreating).
  1735 | D:3      | 1735 ||| Stepping ~*~*~tactically~*~*~ (retreating).
  1736 | D:3      | 1736 ||| Stepping ~*~*~tactically~*~*~ (retreating).
  1743 | D:3      | 1743 ||| Stepping ~*~*~tactically~*~*~ (retreating).
  1746 | D:3      | HP: 7/28 [Robin/+2 dagger of electrocution (4)]
  1751 | D:3      | Killed Robin
  1756 | D:3      | HP: 1/28 [Sigmund/puff of flame (5)]
  1760 | D:3      | Mangled by Sigmund

Levels and vault maps discovered:
D:1:      minmay_arrival_solitary_statue, layout_basic,
          hellmonk_ecumenical_altar_arch_garden
D:2:      layout_loops_cross, grunt_decor_clamped
D:3:      layout_rooms, jmf_multi_god_temple2, ebering_ghost_sewer_d,
          uniq_robin, uniq_natasha, uniq_sigmund, uniq_grinder, uniq_ijyb

Skill      XL: |  1  2  3 |
---------------+----------+-----
Armour         | 1 |  1.0
Ranged Weapons | 5 |  5.3
Fighting       | 3 |  3.2
Dodging        | |  1.5
Stealth        | |  1.1

Action                     |  1- 3 |  4- 6 || total
---------------------------+-------+-------++-------
   Fire: Shortbow          |   115 |    27 ||   142
    Use: Scroll            |     3 |     2 ||     5
 Armour: Ring mail         |    23 |    16 ||    39
         Skin              |    21 |       ||    21
  Dodge: Dodged            |    21 |    18 ||    39

Table legend:
 A = Non-vault XP
 B = Vault XP
 C = Vault XP percentage of total XP
 D = Non-vault monster count
 E = Vault monster count
 F = Vault count percentage of total count
                 A         B        C        D         E       F
            +---------+---------+-------+---------+---------+-------
      Total |      84 |      57 |  40.4 |      35 |       6 |  14.6
            +---------+---------+-------+---------+---------+-------
        D:1 |      29 |       0 |   0.0 |      11 |       0 |   0.0
        D:2 |      35 |      35 |  50.0 |      14 |       1 |   6.7
        D:3 |      20 |      22 |  52.4 |      10 |       5 |  33.3
            +---------+---------+-------+---------+---------+-------
